 Dungeon Crawl Stone Soup version 0.31.0-32-g396128a36d (webtiles) character file.

Game seed: 1668385483439766536

1978 firemarshallily the Fighter (level 9, 0/74 HPs)
             Began as a Formicid Fighter on Apr 24, 2024.
             Was a Follower of Makhleb.
             Slain by a steam dragon (5 damage)
             ... on level 6 of the Dungeon.
             The game lasted 00:11:33 (5229 turns).

firemarshallily the Fighter (Formicid Fighter)      Turns: 5229, Time: 00:11:34

Health: 0/74       AC:  8    Str: 25    XL:     9   Next: 43%
Magic:  9/9        EV: 10    Int:  8    God:    Makhleb [*.....]
Gold:   332        SH: 11    Dex: 13    Spells: 8/8 levels left

rFire   . . .        a - +1 war axe
rCold   + . .        c - +0 buckler
rNeg    . . .        y - +2 leather armour {rC+}
rPois   .            (helmet unavailable)
rElec   .            s - +0 cloak
rCorr   .            l - +0 pair of gloves
SInv    +            (no boots)
Will    .....        x - amulet of reflection
Stlth   +            (no ring)
HPRegen 0.32/turn    (no ring)
MPRegen 0.11/turn

%: reflection
@: no status effects
A: permanent stasis, dig shafts and tunnels, antennae 3, four strong arms
a: Dig, Shaft Self, Renounce Religion


You were on level 6 of the Dungeon.
You worshipped Makhleb.
Makhleb was aware of your devotion.
You visited 2 branches of the dungeon, and saw 8 of its levels.

You collected 332 gold pieces.

Inventory:

Hand Weapons
 a - a +1 war axe (weapon)
Missiles
 h - 5 curare-tipped darts
 q - 3 poisoned darts (quivered)
 v - 6 javelins
 w - 2 throwing nets
Armour
 c - a +0 buckler (worn)
 l - a +0 pair of gloves (worn)
 p - a +2 scale mail of willpower
 s - a +0 cloak (worn)
 y - a +2 leather armour of cold resistance (worn)
Jewellery
 x - an amulet of reflection (around neck)
Wands
 r - a wand of flame (25)
Scrolls
 e - a scroll of identify
 j - 2 scrolls of revelation
 m - a scroll of fog
 o - 2 scrolls of vulnerability
 u - 4 scrolls of immolation {unknown}
Potions
 d - a potion of might
 f - a potion of curing
 g - a potion of brilliance {unknown}
 i - a potion of haste
 k - 2 potions of lignification
 n - a potion of heal wounds {unknown}
 t - a potion of magic {unknown}


   Skills:
 * Level 8.3 Fighting
 * Level 7.1 Axes
 + Level 6.0 Armour
 + Level 7.3 Shields


You had 8 spell levels left.
You didn't know any spells.
Your spell library contained the following spells:

 Spells                   Type           Power      Damage    Failure   Level
 Slow                     Hex            0%         N/A       50%         1
 Jinxbite                 Hex            0%         N/A       65%         2
 Lesser Beckoning         Tloc           0%         N/A       65%         2
 Confusing Touch          Hex            0%         N/A       86%         3
 Gell's Gravitas          Tloc           0%         N/A       86%         3
 Sigil of Binding         Hex            0%         N/A       86%         3
 Teleport Other           Tloc           0%         N/A       86%         3
 Vampiric Draining        Necr           0%         2d6       86%         3
 Yara's Violent Unravell  Hex/Alch       0%         3d3       100%        5
 Enfeeble                 Hex            0%         N/A       100%        7


Dungeon Overview and Level Annotations

Branches:
Dungeon (7/15)             Temple (1/1) D:4

Altars:
Cheibriados
Dithmenos
Elyvilon
Gozag
Kikubaaqudgha
Makhleb
Ru
Sif Muna
Vehumet
Xom
Zin
The Shining One

Shops:
D:1 [

Annotations:
D:7 Joseph


Innate Abilities, Weirdness & Mutations

You cannot be hasted, slowed, berserked, paralysed or teleported.
You can dig through walls and to a lower floor.
You have a pair of large antennae on your head. (SInv)
Your four strong arms can wield two-handed weapons with a shield.


Message History

The ball of steam hits you!!
You hear a shout!
There is a stone staircase leading up here.
You are engulfed in a cloud of scalding steam.
You closely miss the steam dragon.
You are engulfed in a cloud of scalding steam.
The steam dragon bites you but does no damage.
The steam dragon claws you but does no damage.
The steam dragon closely misses you.
The steam dragon claws you but does no damage.
You closely miss the steam dragon.
You are engulfed in a cloud of scalding steam.
The steam dragon barely misses you. The steam dragon claws you.
An orc comes into view. It is wielding a +0 hand axe.
You slash the steam dragon!
The steam dragon is moderately wounded.
You are engulfed in a cloud of scalding steam.
You block the steam dragon's attack. x2
Joseph, a Mercenary comes into view.
He is wielding a +0 quarterstaff.
There is a stone staircase leading up here.
The steam dragon misses you. The steam dragon claws you.
You climb upwards.
There is a stone staircase leading down here.
You hit the steam dragon.
The steam dragon is moderately wounded.
The steam dragon bites you but does no damage.
The steam dragon claws you.
* * * LOW HITPOINT WARNING * * *
You barely miss the steam dragon.
The steam dragon is moderately wounded.
The steam dragon breathes steam at you. The ball of steam hits you!!
* * * LOW HITPOINT WARNING * * *
You feel better.
You are engulfed in a cloud of scalding steam.
* * * LOW HITPOINT WARNING * * *
The steam dragon closely misses you. The steam dragon claws you.
* * * LOW HITPOINT WARNING * * *
The steam dragon bites you.
You die...

....# ###.......####......##....
...#####.......#######...........
...##.....^.........>....#.......
..........#############.##..#....
........### ####.##..#....
.#.###### #....###...... .#..#
###.####...#.... ###.# ###...#
#..####... ..#.## ###@..#####.##
#... #....#########§§D........#
#### ##...........§§§.........#
##........#.............#
###.###......###.......#
#..#..#..### ################
##.......### ##.....#..
####..####....## ##.........
#....#.........### #..........


You could see a steam dragon.

Vanquished Creatures
  Grinder (D:4)
  A wyvern (D:6)
  Eustachio (D:4)
  Edmund (D:5)
  2 water moccasins
  An ice beast (D:6)
  An ogre (D:5)
  A black bear (D:6)
  A centaur (D:5)
  Blork the orc (D:5)
  A scorpion (D:4)
  A howler monkey (D:6)
  2 bombardier beetles
  3 hounds
  2 jellies
  2 orc priests (D:7)
  Crazy Yiuf (D:2)
  A gnoll bouda (D:5)
  4 iguanas
  2 orc wizards
  5 adders
  3 gnolls (D:5)
  A shadow imp (D:6)
  A white imp (D:5)
  3 ribbon worms
  7 orcs
  6 endoplasms
  2 giant cockroaches
  4 hobgoblins
  2 jackals (D:3)
  8 kobolds
  4 quokkas
  3 ball pythons
  4 bats
  2 frilled lizards
  5 goblins
  4 rats
94 creatures vanquished.

Notes
Turn   | Place    | Note
-------+----------+-------------------------------------------
     0 | D:1      | firemarshallily the Formicid Fighter began the quest for
                  | the Orb.
     0 | D:1      | Reached XP level 1. HP: 18/18 MP: 1/1
    98 | D:1      | Reached XP level 2. HP: 22/24 MP: 2/2
   128 | D:1      | Found Ezeamm's Armour Emporium.
   499 | D:1      | Reached XP level 3. HP: 30/30 MP: 3/3
   872 | D:2      | Reached skill level 4 in Fighting
   872 | D:2      | Reached XP level 4. HP: 37/37 MP: 4/4
  1170 | D:2      | Found a runed translucent door.
  1171 | D:2      | Noticed Crazy Yiuf
  1200 | D:2      | Killed Crazy Yiuf
  1723 | D:3      | Reached XP level 5. HP: 42/43 MP: 5/5
  2078 | D:4      | Noticed Eustachio
  2092 | D:4      | Killed Eustachio
  2093 | D:4      | Reached skill level 5 in Fighting
  2093 | D:4      | Reached skill level 5 in Shields
  2093 | D:4      | Reached XP level 6. HP: 51/51 MP: 6/6
  2125 | D:4      | Found a staircase to the Ecumenical Temple.
  2140 | Temple   | Entered the Ecumenical Temple
  2163 | D:4      | Identified the +7 falchion of Thieving Execution {drain,
                  | rN+}
  2196 | D:4      | Noticed Grinder
  2221 | D:4      | Killed Grinder
  2222 | D:4      | Reached XP level 7. HP: 12/57 MP: 7/7
  2641 | D:4      | Found a burning altar of Makhleb.
  2652 | D:4      | Noticed a green death
  2663 | D:4      | Noticed a ynoxinul
  2663 | D:4      | Noticed a hellwing
  2671 | D:4      | Became a worshipper of Makhleb the Destroyer
  2896 | D:5      | Entered Level 5 of the Dungeon
  2933 | D:5      | Reached skill level 6 in Fighting
  2933 | D:5      | Reached skill level 5 in Axes
  3078 | D:5      | Noticed Blork the orc
  3094 | D:5      | Killed Blork the orc
  3095 | D:5      | Reached XP level 8. HP: 23/65 MP: 8/8
  3340 | D:5      | Found a radiant altar of Vehumet.
  3546 | D:5      | Reached skill level 5 in Armour
  3671 | D:5      | Found a shimmering altar of Xom.
  3721 | D:5      | Identified the +9 quarterstaff of the Wraith {flame, Int+5}
  3793 | D:5      | Reached skill level 7 in Fighting
  4145 | D:5      | Noticed Edmund
  4168 | D:5      | Killed Edmund
  4522 | D:6      | Reached XP level 9. HP: 72/72 MP: 9/9
  4609 | D:6      | Reached skill level 8 in Fighting
  5007 | D:6      | Found an opulent altar of Gozag.
  5008 | D:6      | Found a glowing silver altar of Zin.
  5015 | D:6      | Reached * piety under Makhleb
  5222 | D:7      | Noticed Joseph
  5227 | D:6      | HP: 3/74 [steam dragon/ball of steam (20)]
  5229 | D:6      | Slain by a steam dragon

Illustrated notes

Levels and vault maps discovered:
D:1:      wander_arrival_lonely_grave, layout_rooms, serial_shops, shop,
          minmay_pentomino_r4
D:2:      layout_loops_ring, uniq_crazy_yiuf_cottage
D:3:      layout_loops_ring, kennysheep_generic_room_8
D:4:      layout_loops_ring, makhleb_altar_promises_db,
          minmay_temple_entry_arrows, uniq_eustachio, uniq_grinder
D:5:      layout_loops_ring, kennysheep_mini_moat, mainiacjoe_overflow_brackets,
          uniq_blork_the_orc, uniq_edmund
D:6:      layout_rooms, grunt_temple_overflow_gold_and_silver
D:7:      corexii_shantytown, layout_basic, mainiacjoe_overflow_boulevard,
          minmay_bent, uniq_joseph
Temple:   nicolae_temple_superstar

Skill      XL: |  1  2  3  4  5  6  7  8  9 |
---------------+----------------------------+-----
Fighting       | 4 5 6 7 8 |  8.3
Axes           | 3 4 5 6 7 |  7.1
Armour         | 4 5 6 |  6.0
Shields        | 5 6 7 |  7.3

Action                     |  1- 3 |  4- 6 |  7- 9 || total
---------------------------+-------+-------+-------++-------
  Melee: War axe           |    82 |    79 |   172 ||   333
  Throw: Dart              |       |     5 |     7 ||    12
         Javelin           |       |       |     2 ||     2
    Use: Scroll            |     3 |     1 |     3 ||     7
         Potion            |       |     1 |     5 ||     6
 Armour: Scale mail        |    49 |    58 |    76 ||   183
         Leather armour    |       |       |    50 ||    50
         Skin              |       |       |     1 ||     1
  Dodge: Dodged            |    39 |    34 |    71 ||   144
  Block: Buckler           |    25 |    25 |    70 ||   120
